 Dungeon Crawl Stone Soup version 0.21.1 (webtiles) character file.

126 zeke the Shield-Bearer (level 4, -2/40 HPs)
             Began as a Minotaur Fighter on Feb 3, 2018.
             Slain by Sigmund
             ... wielding a +0 scythe
              (3 damage)
             ... on level 2 of the Dungeon.
             The game lasted 00:03:24 (1515 turns).

zeke the Shield-Bearer (Minotaur Fighter)           Turns: 1515, Time: 00:03:25

Health: -2/40      AC:  7    Str: 26    XL:     4   Next: 84%
Magic:  3/3        EV:  8    Int:  5    God:
Gold:   98         SH: 10    Dex: 10    Spells: 3/3 levels left

rFire    . . .     SeeInvis .   a - +0 war axe
rCold    . . .     Gourm    .   c - +0 shield
rNeg     . . .     Faith    .   b - +0 scale mail
rPois    .         Spirit   .   (helmet restricted)
rElec    .         Reflect  .   (no cloak)
rCorr    .         Harm     .   (no gloves)
MR       .....                  (no boots)
Stlth    ..........             (no amulet)
HPRegen  0.13/turn              (no ring)
MPRegen  0.08/turn              (no ring)

@: mighty
A: retaliatory headbutt, horns 2
a: no special abilities


You were on level 2 of the Dungeon.
You were not hungry.

You visited 1 branch of the dungeon, and saw 4 of its levels.

You collected 98 gold pieces.

Inventory:

Hand Weapons
 a - a +0 war axe (weapon)
Armour
 b - a +0 scale mail (worn)
 c - a +0 shield (worn)
Jewellery
 k - a +5 ring of strength {unknown}
 o - a +4 ring of strength {unknown}
 q - an uncursed ring of magical power {unknown}
Wands
 m - a wand of flame (32)
Scrolls
 g - a scroll of remove curse {unknown}
 h - 5 scrolls of identify {unknown}
 j - a scroll of random uselessness {unknown}
 l - 2 scrolls of teleportation {unknown}
Potions
 e - a potion of heal wounds {unknown}
 i - a potion of ambrosia {unknown}
 n - a potion of degeneration {unknown}
Comestibles
 f - 6 rations


   Skills:
 + Level 4.0 Fighting
 + Level 3.9 Axes
 + Level 4.1 Armour
 + Level 0.9 Dodging
 + Level 5.2 Shields


You had 3 spell levels left.
You didn't know any spells.

Dungeon Overview and Level Annotations

Branches:
Dungeon (4/15)
 Temple: D:4-7

Altars:

Annotations:
D:2 Sigmund
D:4 MrWiggles77's ghost, novice DrFE


Innate Abilities, Weirdness & Mutations

You reflexively headbutt those who attack you in melee.
You have a pair of horns on your head.


Message History

There is an open door here.
Sigmund the Dreaded comes into view.
He is wielding a scythe.
Sigmund shouts!
You feel very mighty all of a sudden.
Sigmund says, "Don't worry, I'll kill you fast."
Sigmund hits you from afar with a scythe.
Sigmund casts a spell.
Sigmund flickers and vanishes!
Deactivating autopickup; reactivate with Ctrl-A.
You barely miss something. You headbutt something.
Something hits you but does no damage.
You miss something. Your headbutt misses something. Something hits you!
You closely miss something. Your headbutt misses something. Something hits you.
You miss something. Your headbutt misses something. Something hits you.
You hit something. Something hits you!
* * * LOW HITPOINT WARNING * * *
You miss something. You headbutt something! Something hits you!
* * * LOW HITPOINT WARNING * * *
You miss something. Something hits you.
You die...

..#..........#.#.>.(........#
..#.#####.#.##.#####.########
...............# #[#
.##.##.#.##.#### #.#
.+.....#..#.### #.#
.##.#####.#...# #.#
..#.......#...# #.#
#.#######.#...######.##.
#.......#.......@{......
#######.#..#########.##.
#.>..............
#.#####.######### #.# #.# #.#
#.# #.#


There were no monsters in sight!

Vanquished Creatures
  Terence (D:2)
  4 adders (D:3)
  2 oozes
  2 worms (D:3)
  2 dart slugs
  2 leopard geckos (D:1)
  An orc (D:2)
  A ball python (D:3)
  5 giant cockroaches
  2 goblins
  7 hobgoblins
  3 kobolds
  A quokka (D:3)
  8 bats
  3 frilled lizards
  3 rats
47 creatures vanquished.

Notes
Turn   | Place    | Note
-------+----------+-------------------------------------------
     0 | D:1      | zeke the Minotaur Fighter began the quest for the Orb.
     0 | D:1      | Reached XP level 1. HP: 19/19 MP: 0/0
    72 | D:1      | Reached skill level 4 in Shields
   129 | D:1      | Reached XP level 2. HP: 26/26 MP: 1/1
   716 | D:2      | Reached XP level 3. HP: 29/33 MP: 2/2
   780 | D:2      | Noticed Terence
   791 | D:2      | Killed Terence
  1059 | D:2      | You fall through a shaft for 2 floors!
  1106 | D:4      | Noticed MrWiggles77's ghost (novice DrFE)
  1179 | D:3      | Reached XP level 4. HP: 39/40 MP: 3/3
  1240 | D:3      | Reached skill level 5 in Shields
  1504 | D:2      | Noticed Sigmund
  1514 | D:2      | HP: 1/40 [something (10)]
  1515 | D:2      | Slain by Sigmund

Skill      XL: |  1  2  3  4 |
---------------+-------------+-----
Shields        | 4 5 |  5.2
Fighting       | 4 |  4.0
Axes           | 3 |  3.9
Armour         | 4 |  4.1
Dodging        | |  0.9

Action                   |  1- 3 |  4- 6 || total
-------------------------+-------+-------++-------
Melee: War axe           |    70 |    44 ||   114
       Headbutt          |    16 |     6 ||    22
  Use: Potion            |       |     1 ||     1
 Stab: Distracted        |     1 |       ||     1
  Eat: Chunk             |       |     2 ||     2
Armor: Scale mail        |    48 |    19 ||    67
Dodge: Dodged            |    31 |    13 ||    44
Block: Shield            |    43 |    27 ||    70
